[Event "Titled Tuesday Blitz July 18 Early 2023"]
[White "Spata, German"]
[Black "Alahakoon, Isuru"]
[WhiteFideId "113026"]
[BlackFideId "9900993"]
[WhiteElo "2649"]
[BlackElo "2347"]
[Result "1-0"]
[Round "1"]
[TimeControl "180+2"]
[Date "2023.07.18"]
[WhiteClock "0:01:35"]
[BlackClock "0:00:00"]
[Board "122"]

1. Nf3 d5 2. e3 Nc6 3. c4 d4 4. exd4 Nxd4 5. d3 g6 6. Nxd4 Qxd4 7. Be2 Bg7 8. O-O Nf6 9. Nc3 c6 10. Be3 Qd6 11. d4 h5 12. h3 O-O 13. Qd2 Bf5 14. Rfd1 Rad8 15. Bf4 Qd7 16. Be5 Ne4 17. Nxe4 Bxe5 18. dxe5 Qxd2 19. Nxd2 Bc2 20. Nf3 Bxd1 21. Rxd1 Rxd1+ 22. Bxd1 Rd8 23. Bc2 e6 24. Kf1 Kf8 25. Ke2 Ke7 26. Be4 Rd7 27. b3 a5 28. Nd2 Rd4 29. Ke3 Rd7 30. c5 Rd8 31. f4 Ra8 32. Nc4 a4 33. b4 a3 34. Bc2 Rd8 35. Nd6 Rb8 36. Kd4 Kf8 37. Kc4 Ke7 38. Be4 h4 39. b5 cxb5+ 40. Kxb5 f5 41. Bxb7 Kd7 42. Kb6 Rg8 43. c6+ Ke7 44. c7 1-0


[Site "https://www.chess.com"]

[Event "Titled Tuesday Blitz July 18 Early 2023"]
[White "Glavina, Pablo"]
[Black "Lamaze, Simon"]
[WhiteFideId "100234"]
[BlackFideId "36069264"]
[WhiteElo "2345"]
[BlackElo "2647"]
[Result "1-0"]
[Round "1"]
[TimeControl "180+2"]
[Date "2023.07.18"]
[WhiteClock "0:00:37"]
[BlackClock "0:00:15"]
[Board "123"]

1. c4 e6 2. g3 d5 3. Bg2 Nf6 4. Nf3 d4 5. O-O Nc6 6. d3 Bc5 7. Nbd2 a5 8. Nb3 Be7 9. e3 dxe3 10. Bxe3 Ng4 11. Bc5 O-O 12. Bxe7 Qxe7 13. Nfd4 Nxd4 14. Nxd4 Nf6 15. Qe2 Rd8 16. Nf3 a4 17. d4 a3 18. b3 Qb4 19. Rfd1 Bd7 20. Ne5 Be8 21. Rac1 Rac8 22. Rd2 b5 23. Bb7 Rb8 24. Bc6 bxc4 25. Bxe8 Rxe8 26. Nc6 Qb7 27. Rxc4 Ra8 28. Qf3 Nd5 29. Rdc2 Qb6 30. Ne5 Re7 31. Nc6 Ree8 32. Ne5 f6 33. Nd3 Red8 34. Nc5 Kh8 35. Re2 Nb4 36. Rxe6 Qb5 37. Re7 Nxa2 38. Ne6 Rg8 39. Qg4 g6 40. Qh4 Qh5 41. Qxf6+ 1-0


[Site "https://www.chess.com"]

[Event "Titled Tuesday Blitz July 18 Early 2023"]
[White "Tregubov, Pavel V."]
[Black "TomLiu777"]
[WhiteFideId "4115341"]
[WhiteElo "2646"]
[BlackElo "2343"]
[Result "1/2-1/2"]
[Round "1"]
[TimeControl "180+2"]
[Date "2023.07.18"]
[WhiteClock "0:00:03"]
[BlackClock "0:00:02"]
[Board "124"]

1. e4 e6 2. d4 d5 3. exd5 exd5 4. Nf3 Nf6 5. Bd3 Bd6 6. Qe2+ Be6 7. c4 dxc4 8. Bxc4 Qe7 9. Bxe6 fxe6 10. O-O O-O 11. Re1 Re8 12. Bg5 Nc6 13. Nc3 Qf7 14. Qb5 a6 15. Qb3 e5 16. Qxf7+ Kxf7 17. d5 Nd4 18. Nxd4 exd4 19. Bxf6 Kxf6 20. Ne4+ Ke5 21. Nc3+ Kf5 22. Ne2 Be5 23. Red1 Bxh2+ 24. Kf1 Be5 25. Nxd4+ Kf6 26. Rac1 Rad8 27. Ne6 Rd7 28. Nc5 Rd6 29. Nxb7 Rb6 30. Rc6+ Rxc6 31. dxc6 Re6 32. Nd8 Rd6 33. Rxd6+ Bxd6 34. Nb7 Ke5 35. Ke2 Kd5 36. Kd3 Kxc6 37. Nxd6 Kxd6 38. Kd4 c6 39. b4 g6 40. f4 h5 41. g3 Ke6 42. Kc5 Kf5 43. Kxc6 Kg4 44. a4 Kxg3 45. b5 axb5 46. axb5 h4 47. b6 h3 48. b7 h2 49. b8=Q h1=Q+ 50. Kd7 Qd1+ 51. Ke7 Qe2+ 52. Kf6 Kg4 53. Qe5 Qc4 54. Qg5+ Kf3 55. Qxg6 Qxf4+ 56. Qf5 Qxf5+ 57. Kxf5 1/2-1/2


[Site "https://www.chess.com"]

[Event "Titled Tuesday Blitz July 18 Early 2023"]
[White "micke12a"]
[Black "Zomorrodian, Eilia"]
[BlackFideId "12551805"]
[WhiteElo "2342"]
[BlackElo "2641"]
[Result "0-1"]
[Round "1"]
[TimeControl "180+2"]
[Date "2023.07.18"]
[WhiteClock "0:00:04"]
[BlackClock "0:00:46"]
[Board "125"]

1. d4 Nf6 2. Nf3 g6 3. g3 Bg7 4. Bg2 O-O 5. O-O d6 6. c4 Nc6 7. Nc3 Bf5 8. b3 a6 9. Bb2 Rb8 10. Re1 Ne4 11. Nxe4 Bxe4 12. Qd2 d5 13. c5 Re8 14. Nh4 Bxg2 15. Nxg2 e5 16. dxe5 Nxe5 17. Nf4 c6 18. Kg2 Qe7 19. Bd4 Rbd8 20. Qc3 f5 21. f3 Nd7 22. Bxg7 Qxg7 23. Qxg7+ Kxg7 24. Nd3 Re3 25. Kf2 Rde8 26. b4 g5 27. Rab1 Nf6 28. Rb3 d4 29. Nc1 Nd5 30. a3 Nc3 31. h3 Kf6 32. a4 Nxa4 33. Rxe3 dxe3+ 34. Kg2 Rd8 35. Nd3 Nc3 36. f4 Nxe2 37. Ne5 gxf4 38. Nxc6 bxc6 39. Rxe2 Ke5 40. gxf4+ Kxf4 41. Re1 Ke4 42. Ra1 f4 43. Rxa6 f3+ 44. Kg3 Rg8+ 45. Kh4 e2 46. Rxc6 e1=Q+ 47. Kh5 Qg3 0-1


[Site "https://www.chess.com"]

[Event "Titled Tuesday Blitz July 18 Early 2023"]
[White "Sahib Singh"]
[Black "Molina Carretero, Daniel"]
[WhiteFideId "25618342"]
[BlackFideId "32071914"]
[WhiteElo "2639"]
[BlackElo "2339"]
[Result "1-0"]
[Round "1"]
[TimeControl "180+2"]
[Date "2023.07.18"]
[WhiteClock "0:01:37"]
[BlackClock "0:00:22"]
[Board "126"]

1. e4 c5 2. Nf3 d6 3. d4 cxd4 4. Nxd4 Nf6 5. Nc3 g6 6. Be3 Bg7 7. f3 Nc6 8. Qd2 O-O 9. Bc4 Bd7 10. O-O-O Qa5 11. Kb1 Rfc8 12. Bb3 Ne5 13. g4 b5 14. Nd5 Qxd2 15. Rxd2 Nxd5 16. Bxd5 Nc4 17. Bxc4 Rxc4 18. h4 a5 19. h5 b4 20. hxg6 hxg6 21. g5 a4 22. Ne2 a3 23. b3 Rc7 24. Bd4 Rac8 25. Bxg7 Kxg7 26. Nf4 e6 27. Rdh2 Kf8 28. Rh8+ Ke7 29. Nxg6+ fxg6 30. R1h7# 1-0


[Site "https://www.chess.com"]

[Event "Titled Tuesday Blitz July 18 Early 2023"]
[White "Ziatdinov, Raset"]
[Black "Jeet, Jain"]
[WhiteFideId "2015323"]
[BlackFideId "5073022"]
[WhiteElo "2339"]
[BlackElo "2639"]
[Result "0-1"]
[Round "1"]
[TimeControl "180+2"]
[Date "2023.07.18"]
[WhiteClock "0:00:02"]
[BlackClock "0:01:06"]
[Board "127"]

1. e4 c6 2. d4 d5 3. Nc3 dxe4 4. Nxe4 Nf6 5. Nxf6+ gxf6 6. c3 Rg8 7. Nf3 Bg4 8. h3 Bh5 9. Bf4 e6 10. g4 Bg6 11. Nh4 Bd6 12. Nxg6 hxg6 13. Qd2 f5 14. O-O-O Qc7 15. Be5 Nd7 16. f4 Bxe5 17. fxe5 O-O-O 18. Qf4 Qa5 19. Kb1 Nxe5 20. Be2 Nd7 21. h4 Nb6 22. Bf3 Nc4 23. h5 Qb5 24. Qc1 fxg4 25. Bxg4 gxh5 26. Bxh5 Rg2 27. b3 Qa5 28. a4 Rb2+ 29. Qxb2 Nxb2 30. Kxb2 f5 31. Bf7 Qd5 32. Rde1 Qg2+ 33. Ka3 Qf3 34. Bxe6+ Kb8 35. Rh7 Qxc3 36. Rg1 Qxd4 37. Rgg7 Qc5+ 38. Kb2 Rd2+ 39. Kb1 Qc2+ 40. Ka1 Qc1# 0-1


[Site "https://www.chess.com"]

[Event "Titled Tuesday Blitz July 18 Early 2023"]
[White "Iskusnyh, Sergei"]
[Black "Buscar, Michael"]
[WhiteFideId "4120027"]
[BlackFideId "2603616"]
[WhiteElo "2638"]
[BlackElo "2337"]
[Result "1-0"]
[Round "1"]
[TimeControl "180+2"]
[Date "2023.07.18"]
[WhiteClock "0:01:05"]
[BlackClock "0:00:17"]
[Board "128"]

1. d4 d5 2. c4 e6 3. Nf3 c5 4. cxd5 exd5 5. g3 Nc6 6. Bg2 Nf6 7. O-O Be7 8. dxc5 Bxc5 9. a3 O-O 10. b4 Be7 11. Nc3 Be6 12. Bb2 Ne4 13. Nd4 Nxd4 14. Nxe4 dxe4 15. Qxd4 Qxd4 16. Bxd4 f5 17. Rfc1 Rfd8 18. e3 Kf7 19. Bf1 b6 20. Ba6 Rd7 21. Rc6 Rad8 22. Rac1 Bf6 23. Bxf6 Kxf6 24. h4 Rd1+ 25. Rxd1 Rxd1+ 26. Kg2 Ke7 27. Rc7+ Rd7 28. Rc3 Bf7 29. Bc8 Rd1 30. Bxf5 1-0


[Site "https://www.chess.com"]

[Event "Titled Tuesday Blitz July 18 Early 2023"]
[White "Gutkin, Ilya"]
[Black "Suleymanli, Suleyman"]
[WhiteFideId "16203470"]
[BlackFideId "13416375"]
[WhiteElo "2334"]
[BlackElo "2636"]
[Result "1-0"]
[Round "1"]
[TimeControl "180+2"]
[Date "2023.07.18"]
[WhiteClock "0:00:06"]
[BlackClock "0:00:25"]
[Board "129"]

1. e4 e6 2. d4 d5 3. exd5 exd5 4. Nc3 Bb4 5. Bd3 Nc6 6. Ne2 Nge7 7. Bf4 Bf5 8. O-O Qd7 9. a3 Bd6 10. Qd2 O-O 11. Rfe1 Bxd3 12. Qxd3 Rfe8 13. Rad1 Ng6 14. Bg3 a6 15. Qf3 Rad8 16. Kf1 Bxg3 17. hxg3 Na5 18. Nf4 Nxf4 19. gxf4 Rxe1+ 20. Rxe1 h6 21. b3 Nc6 22. Qe3 Qd6 23. a4 Qg6 24. Qd2 Nb4 25. Re2 Nc6 26. g3 h5 27. Kg2 h4 28. Re3 Qf6 29. Ne2 g6 30. c3 Ne7 31. g4 Nc8 32. Re5 c6 33. Qe3 Nd6 34. f3 Kh7 35. Ng1 b5 36. a5 b4 37. cxb4 Rb8 38. Qd2 Qd8 39. Nh3 Rb7 40. Qe3 Kg7 41. f5 Rxb4 42. fxg6 fxg6 43. Nf4 Qf6 44. Re6 Qxd4 45. Rxg6+ Kh8 46. Qe6 Rb8 47. Rh6+ Kg7 48. Nh5+ Kf8 49. Qxd6+ Kf7 50. Rh7+ Ke8 51. Nf6+ Qxf6 52. Qxf6 Rb7 53. Qh8# 1-0


[Site "https://www.chess.com"]

[Event "Titled Tuesday Blitz July 18 Early 2023"]
[White "Schnaider, Ilan"]
[Black "Saucey, Michel"]
[WhiteFideId "169013"]
[BlackFideId "601845"]
[WhiteElo "2633"]
[BlackElo "2327"]
[Result "1-0"]
[Round "1"]
[TimeControl "180+2"]
[Date "2023.07.18"]
[WhiteClock "0:00:46"]
[BlackClock "0:00:00"]
[Board "130"]

1. e4 c5 2. Nf3 e6 3. d4 cxd4 4. Nxd4 Nc6 5. Nc3 Qc7 6. Be2 a6 7. Qd3 Nf6 8. O-O Be7 9. Kh1 d6 10. f4 Nxd4 11. Qxd4 e5 12. Qa4+ Bd7 13. Bb5 O-O 14. Bxd7 Qxd7 15. Qxd7 Nxd7 16. Nd5 Bd8 17. Be3 exf4 18. Bxf4 Ne5 19. Rad1 Rc8 20. c3 h6 21. h3 Re8 22. a4 Bg5 23. Bh2 Nc4 24. Rd4 Nxb2 25. Rb1 Nc4 26. Rxb7 Ne3 27. Nc7 Rb8 28. Rbb4 Nc2 29. Nxe8 Rxe8 30. Bxd6 Be3 31. Rdc4 Nxb4 32. cxb4 g6 33. b5 axb5 34. axb5 f5 35. e5 f4 36. b6 Ra8 37. h4 Ra1+ 38. Kh2 Bxb6 39. Rxf4 Bg1+ 40. Kh3 Be3 41. Rf6 Kg7 42. Bf8+ Kh7 43. Bd6 1-0


[Site "https://www.chess.com"]

[Event "Titled Tuesday Blitz July 18 Early 2023"]
[White "EdmundPlayer"]
[Black "Ovchinnikov, Vsevolod"]
[BlackFideId "24176842"]
[WhiteElo "2326"]
[BlackElo "2633"]
[Result "0-1"]
[Round "1"]
[TimeControl "180+2"]
[Date "2023.07.18"]
[WhiteClock "0:00:21"]
[BlackClock "0:00:11"]
[Board "131"]

1. e4 e6 2. d4 d5 3. Nc3 Bb4 4. e5 c5 5. a3 Bxc3+ 6. bxc3 Ne7 7. Qg4 Qc7 8. Qxg7 Rg8 9. Qxh7 cxd4 10. Ne2 dxc3 11. f4 Nbc6 12. h4 d4 13. h5 Bd7 14. Rb1 O-O-O 15. Rg1 Nf5 16. Qxf7 Rdf8 17. Qh7 Rg7 18. Qxg7 Nxg7 19. g4 Qd8 20. Rh1 Rh8 21. Bg2 Ne8 22. g5 Ng7 23. h6 Nf5 24. Be4 Be8 25. Bxf5 exf5 26. Ng3 Qd5 27. Kf2 Ne7 28. Rd1 Bc6 29. Rb4 Qf3+ 30. Ke1 Qxg3+ 31. Ke2 Bf3+ 32. Kd3 Bxd1+ 33. Kc4 Be2+ 34. Kb3 Nc6 35. Rb5 Bxb5 36. a4 Ba6 37. a5 d3 38. g6 Qxg6 39. e6 Qxe6+ 40. Kxc3 Rxh6 41. cxd3 Rh3 42. Be3 Rxe3 43. Kd2 Rxd3+ 44. Kc2 Qb3+ 45. Kc1 Rd1# 0-1


[Site "https://www.chess.com"]

[Event "Titled Tuesday Blitz July 18 Early 2023"]
[White "Florescu, Codrut-Constantin"]
[Black "Okike, David"]
[WhiteFideId "1202200"]
[BlackFideId "8500134"]
[WhiteElo "2633"]
[BlackElo "2326"]
[Result "1-0"]
[Round "1"]
[TimeControl "180+2"]
[Date "2023.07.18"]
[WhiteClock "0:01:22"]
[BlackClock "0:01:08"]
[Board "132"]

1. d4 Nf6 2. Nf3 e6 3. c4 Bb4+ 4. Bd2 a5 5. Nc3 O-O 6. g3 b6 7. Bg2 Ba6 8. Ne5 c6 9. O-O d5 10. b3 h6 11. Rc1 Nfd7 12. Nd3 Ba3 13. Rb1 dxc4 14. bxc4 Bxc4 15. Nf4 Qc7 16. Qa4 Bd6 17. Qxc4 Ra7 18. e4 b5 19. Qe2 b4 20. Na4 c5 21. e5 Be7 22. Rfc1 Na6 23. d5 Qxe5 24. Qxe5 Nxe5 25. dxe6 fxe6 26. Nxe6 Rf6 27. Nexc5 Nxc5 28. Nxc5 Ng4 29. Ne4 Rf8 30. h3 Ne5 31. Be3 Rd7 32. Nc5 Bxc5 33. Rxc5 Nd3 34. Rxa5 Kh8 35. Rd5 Rxd5 36. Bxd5 Rc8 37. Bb3 Ne5 38. Rd1 Nc4 39. Rc1 Nb6 40. Rxc8+ Nxc8 41. Bc5 1-0


[Site "https://www.chess.com"]

[Event "Titled Tuesday Blitz July 18 Early 2023"]
[White "kiwibobo"]
[Black "Mendez Fortes, Eduardo Jesus"]
[BlackFideId "3502376"]
[WhiteElo "2326"]
[BlackElo "2631"]
[Result "0-1"]
[Round "1"]
[TimeControl "180+2"]
[Date "2023.07.18"]
[WhiteClock "0:00:13"]
[BlackClock "0:00:20"]
[Board "133"]

1. e4 c5 2. Nf3 d6 3. d4 cxd4 4. Nxd4 Nf6 5. Nc3 a6 6. Be2 e5 7. Nb3 Be7 8. Bg5 Be6 9. Bxf6 Bxf6 10. Qd3 Nc6 11. O-O-O Qb6 12. Nd5 Bxd5 13. Qxd5 O-O 14. Qxd6 Qxf2 15. Bf3 Rac8 16. Qd2 Qb6 17. Rhf1 Nb4 18. Kb1 Rxc2 19. Qd6 Rc6 20. Qd2 Qb5 21. Be2 Qa4 22. a3 Nc2 23. Qd5 Ne3 24. Qd3 Nxf1 25. Rxf1 Qb5 26. Qxb5 axb5 27. Bxb5 Rd6 28. Bc4 Rc8 29. Bd5 Rc7 30. Nd2 g6 31. Nc4 Ra6 32. b4 Kg7 33. b5 Ra4 34. Kb2 Raxc4 35. Bxc4 Rxc4 36. Rd1 Rxe4 37. Rd7 Re2+ 38. Kb3 e4 39. Rxb7 e3 40. Rb8 Rd2 41. Re8 e2 42. b6 Rb2+ 43. Kc4 Rxb6 44. Rxe2 Ra6 45. Kb3 Ra8 46. a4 Bd4 47. Kb4 h5 48. a5 Bg1 49. g3 f5 50. Kb5 Kf6 51. a6 Rb8+ 52. Kc6 Rb1 53. Ra2 Ba7 54. Rd2 Rb6+ 55. Kc7 Rxa6 56. Kb7 Ra1 57. h4 Bg1 58. Rd6+ Kg7 59. Rd7+ Kh6 60. Rd3 Rb1+ 61. Kc6 Rb4 62. Kd6 Rg4 63. Ke6 Bh2 64. Kf6 Bxg3 65. Rd8 Bxh4+ 0-1


[Site "https://www.chess.com"]

[Event "Titled Tuesday Blitz July 18 Early 2023"]
[White "Schwabeneder, Florian"]
[Black "Andreassen, Lars"]
[WhiteFideId "1626191"]
[BlackFideId "1504878"]
[WhiteElo "2630"]
[BlackElo "2322"]
[Result "1-0"]
[Round "1"]
[TimeControl "180+2"]
[Date "2023.07.18"]
[WhiteClock "0:00:23"]
[BlackClock "0:00:02"]
[Board "134"]

1. Nf3 d5 2. g3 Nd7 3. Bg2 e5 4. O-O Bd6 5. d3 f5 6. c4 c6 7. cxd5 cxd5 8. Nc3 Ngf6 9. Nh4 Nb6 10. Bg5 d4 11. Nd5 Nbxd5 12. Bxd5 h6 13. Bxf6 Qxf6 14. e3 dxe3 15. fxe3 g5 16. Qh5+ Kd8 17. Nxf5 Bxf5 18. Be4 Qg6 19. Qxg6 Bxg6 20. Bxg6 Rf8 21. Rxf8+ Bxf8 22. Be4 Rb8 23. Kf2 Bc5 24. Ke2 b5 25. Rf1 Ke7 26. Rc1 Bb6 27. Rc6 Rh8 28. b4 h5 29. Rg6 g4 30. Bd5 h4 31. Rxg4 hxg3 32. hxg3 Rh2+ 33. Kf3 Rb2 34. Bb3 Rb1 35. Rg6 Re1 36. Re6+ Kd7 37. Rxe5 Rf1+ 38. Ke2 Rg1 39. Kf2 Rh1 40. Rxb5 Rh2+ 41. Kf3 Rh1 42. d4 Rf1+ 43. Ke4 Rg1 44. Rg5 Bc7 45. g4 Rg3 46. Rg7+ Kd6 47. g5 Bd8 48. g6 a5 49. bxa5 Bxa5 50. Ra7 Bd2 51. g7 Rxe3+ 52. Kf5 Rg3 53. g8=Q 1-0


[Site "https://www.chess.com"]

[Event "Titled Tuesday Blitz July 18 Early 2023"]
[White "Osinovsky, Stepan"]
[Black "Komov, Roman"]
[WhiteFideId "4157354"]
[BlackFideId "24175714"]
[WhiteElo "2320"]
[BlackElo "2629"]
[Result "0-1"]
[Round "1"]
[TimeControl "180+2"]
[Date "2023.07.18"]
[WhiteClock "0:00:00"]
[BlackClock "0:00:20"]
[Board "135"]

1. e4 c5 2. Nf3 d6 3. g3 Nc6 4. Bg2 g6 5. O-O Bg7 6. Re1 e5 7. c3 Nge7 8. Na3 O-O 9. Nc2 d5 10. exd5 Nxd5 11. d4 exd4 12. cxd4 Ndb4 13. Nxb4 Nxb4 14. dxc5 Nd3 15. Bg5 Qd7 16. Re7 Qb5 17. Bf1 Qxb2 18. Rb1 Qxf2+ 19. Kh1 Bg4 20. Be2 Bh3 21. Nh4 Nb2 22. Qb3 Qxc5 23. Nf3 Bg4 24. Rxb7 Bxf3+ 25. Bxf3 Qxg5 26. Rxb2 Bxb2 27. Qxb2 Rac8 28. Kg2 Rfd8 29. Be2 Rd2 30. Qb5 Qxb5 0-1


[Site "https://www.chess.com"]

[Event "Titled Tuesday Blitz July 18 Early 2023"]
[White "Agibileg, Uurtsaikh"]
[Black "Bendayan Claros, Aaron"]
[WhiteFideId "4901606"]
[BlackFideId "3803392"]
[WhiteElo "2628"]
[BlackElo "2319"]
[Result "1-0"]
[Round "1"]
[TimeControl "180+2"]
[Date "2023.07.18"]
[WhiteClock "0:01:30"]
[BlackClock "0:01:56"]
[Board "136"]

1. d4 d5 2. c4 e6 3. Nc3 a6 4. cxd5 exd5 5. Bf4 Nf6 6. Bg5 Be6 7. e3 Nbd7 8. Bd3 Bd6 9. f4 h6 10. Bh4 g5 11. fxg5 hxg5 12. Bxg5 Bg3+ 13. Kd2 Rxh2 14. Rxh2 Bxh2 15. Nf3 Bd6 16. Qh1 Qe7 17. Qh8+ Qf8 18. Bxf6 Nxf6 19. Qxf6 Be7 20. Qe5 O-O-O 21. Rh1 Qg8 22. Rg1 Bd6 23. Qg5 Qh8 24. Bf5 Rg8 25. Bxe6+ fxe6 26. Qh4 Qg7 27. Qh3 Qf6 28. Nxd5 Qg6 29. Ne5 Qe8 30. Nf6 Qb5 31. Qxe6+ Kb8 32. Qxg8+ Ka7 33. Qb3 1-0


[Site "https://www.chess.com"]

[Event "Titled Tuesday Blitz July 18 Early 2023"]
[White "Pourkashiyan, Atousa"]
[Black "Mohamed Anees M"]
[WhiteFideId "12502014"]
[BlackFideId "35065815"]
[WhiteElo "2319"]
[BlackElo "2628"]
[Result "0-1"]
[Round "1"]
[TimeControl "180+2"]
[Date "2023.07.18"]
[WhiteClock "0:01:06"]
[BlackClock "0:01:41"]
[Board "137"]

1. e4 c5 2. Nf3 Nc6 3. d4 cxd4 4. Nxd4 Nf6 5. Nc3 d6 6. Bg5 e6 7. Qd2 a6 8. O-O-O Bd7 9. f3 Nxd4 10. Qxd4 Be7 11. Bxf6 Bxf6 12. Qxd6 Bc6 13. Qxd8+ Rxd8 14. Rxd8+ Kxd8 15. Be2 h5 16. Rd1+ Kc7 17. Nb1 Be5 18. h3 g5 19. Nd2 Bf4 20. c3 g4 21. Kc2 gxh3 22. gxh3 Rg8 23. Bf1 Rg3 24. Kd3 Bxd2 25. Rxd2 Rxf3+ 26. Kd4 Rxf1 0-1


[Site "https://www.chess.com"]

[Event "Titled Tuesday Blitz July 18 Early 2023"]
[White "Chen, Justin"]
[Black "Acikel, Mert"]
[WhiteFideId "2098199"]
[BlackFideId "12956465"]
[WhiteElo "2621"]
[BlackElo "2314"]
[Result "1-0"]
[Round "1"]
[TimeControl "180+2"]
[Date "2023.07.18"]
[WhiteClock "0:00:02"]
[BlackClock "0:00:15"]
[Board "138"]

1. e4 e5 2. Nf3 Nc6 3. d4 exd4 4. Bc4 Bc5 5. O-O d6 6. c3 d3 7. Qxd3 Nf6 8. Bg5 h6 9. Bh4 O-O 10. Nbd2 Be6 11. Rad1 a6 12. Rfe1 Re8 13. Bxe6 Rxe6 14. Nd4 Re8 15. Nf5 Ne5 16. Qc2 Ng6 17. Bg3 Qd7 18. Nf3 Qc6 19. N3d4 Qb6 20. b4 Bxd4 21. Rxd4 Re6 22. Rd2 Rae8 23. Rde2 c5 24. a3 Qc6 25. f3 b5 26. Ne3 Nh5 27. Bf2 Nhf4 28. Rd2 cxb4 29. cxb4 Rc8 30. Kf1 Ne5 31. Rc1 Nc4 32. Nxc4 bxc4 33. Be3 Ng6 34. Rd4 c3 35. Rd3 Qc4 36. Qxc3 Ne5 37. Qxc4 Rxc4 38. Rxc4 Nxc4 39. Bd4 Re8 40. Rc3 Ne5 41. Bxe5 dxe5 42. Ke2 Re6 43. Kd3 Rd6+ 44. Kc2 h5 45. Rd3 Rc6+ 46. Kb3 g6 47. Rd5 f6 48. a4 Kg7 49. b5 axb5 50. axb5 Rc1 51. Rd2 Kf7 52. b6 Rc6 53. Rd7+ Ke6 54. Rb7 Kd6 55. Kb4 Ke6 56. Kb5 Rc2 57. Rc7 Rxg2 58. b7 Rxh2 59. Rc4 1-0


[Site "https://www.chess.com"]

[Event "Titled Tuesday Blitz July 18 Early 2023"]
[White "Vaibhav Jayant Raut"]
[Black "Schut, Han"]
[WhiteFideId "5089034"]
[BlackFideId "1005561"]
[WhiteElo "2618"]
[BlackElo "2306"]
[Result "1/2-1/2"]
[Round "1"]
[TimeControl "180+2"]
[Date "2023.07.18"]
[WhiteClock "0:00:40"]
[BlackClock "0:00:02"]
[Board "140"]

1. e4 c5 2. Nf3 d6 3. b3 Nf6 4. Nc3 Nc6 5. Bb2 d5 6. exd5 Nxd5 7. Bc4 Nf6 8. O-O e6 9. Qe2 Be7 10. Rad1 O-O 11. d4 cxd4 12. Nb5 a6 13. Nbxd4 Nxd4 14. Bxd4 Qc7 15. Be5 Qa5 16. a4 Rd8 17. Rxd8+ Qxd8 18. Rd1 Qe8 19. h3 Bd7 20. Nd4 h6 21. Re1 Rc8 22. Bd3 Bc6 23. Nxc6 Qxc6 24. Rd1 Rd8 25. Re1 Qd5 26. Bb2 Nh5 27. Be4 Qd2 28. Bxb7 Qxe2 29. Rxe2 Nf4 30. Re4 Rd1+ 31. Kh2 Bd6 32. g3 Nd5 33. Bxd5 exd5 34. Rd4 Rb1 35. Bc3 Be5 36. Rd3 Bxc3 37. Rxc3 d4 38. Rd3 Rb2 39. Rxd4 Rxc2 40. Kg2 Rc3 41. Rd8+ Kh7 42. Rb8 a5 43. Rb5 f6 44. h4 Kg6 45. h5+ Kf7 46. Rb7+ Kg8 47. Kh3 Kh7 48. Kg4 Rd3 49. Rb5 Rc3 50. f3 Rd3 51. f4 Rc3 52. Rxa5 Rxb3 53. Ra7 Ra3 54. Ra8 Ra1 55. a5 Ra3 56. a6 Ra5 57. a7 Ra4 58. Kf5 Ra6 59. g4 Ra4 60. Ke6 Ra6+ 61. Kf7 Ra4 62. Ke6 Ra6+ 63. Kd5 Ra5+ 64. Kc6 Ra1 65. Kb6 Rb1+ 66. Kc7 Rc1+ 67. Kd8 Rd1+ 68. Ke8 Ra1 69. Kf7 Ra6 70. Ke7 Ra1 71. Ke6 Ra6+ 1/2-1/2


[Site "https://www.chess.com"]

[Event "Titled Tuesday Blitz July 18 Early 2023"]
[White "Dwilewicz, Katarzyna"]
[Black "Belov, Alexei"]
[WhiteFideId "1148486"]
[BlackFideId "4128206"]
[WhiteElo "2306"]
[BlackElo "2615"]
[Result "1/2-1/2"]
[Round "1"]
[TimeControl "180+2"]
[Date "2023.07.18"]
[WhiteClock "0:00:04"]
[BlackClock "0:00:13"]
[Board "141"]

1. e4 e6 2. d4 d5 3. Nd2 Nf6 4. e5 Nfd7 5. Bd3 c5 6. c3 Nc6 7. Ne2 f6 8. Nf4 Qe7 9. Nf3 cxd4 10. cxd4 fxe5 11. Nxe5 Ndxe5 12. dxe5 Nxe5 13. Qh5+ Nf7 14. Bb5+ Bd7 15. Bxd7+ Qxd7 16. O-O Bd6 17. Re1 Bxf4 18. Bxf4 O-O 19. Re3 Rac8 20. Rae1 Rc6 21. Rh3 h6 22. Rg3 d4 23. Bxh6 Nxh6 24. Qxh6 e5 25. Qg5 Rf5 26. Qg4 d3 27. h3 d2 28. Rd1 Rc1 29. Re3 Qd4 30. Qe2 Rxd1+ 31. Qxd1 e4 32. g3 Rc5 33. Kg2 Rc1 34. Qh5 Qd7 35. Rxe4 d1=Q 36. Re8+ Qxe8 37. Qxe8+ Kh7 38. Qe4+ Kg8 39. Qe8+ Kh7 40. Qe4+ Kh6 41. Qe6+ g6 42. Qe3+ Kg7 43. Qe7+ Kh6 44. Qe3+ Kg7 45. Qe7+ Kh6 46. Qe3+ 1/2-1/2


[Site "https://www.chess.com"]

[Event "Titled Tuesday Blitz July 18 Early 2023"]
[White "Petrosian, Karlen"]
[Black "San Thit Lwin"]
[WhiteFideId "4176146"]
[BlackFideId "13001272"]
[WhiteElo "2612"]
[BlackElo "2306"]
[Result "0-1"]
[Round "1"]
[TimeControl "180+2"]
[Date "2023.07.18"]
[WhiteClock "0:01:13"]
[BlackClock "0:00:29"]
[Board "142"]

1. e4 Nf6 2. Nc3 d5 3. d3 dxe4 4. Nxe4 Nxe4 5. dxe4 Qxd1+ 6. Kxd1 e5 7. Be3 Be6 8. Nf3 Nd7 9. Ng5 Bg4+ 10. f3 Bh5 11. h4 h6 12. Nh3 Be7 13. g4 Bg6 14. h5 Bh7 15. Bc4 O-O-O 16. Ke2 Bg8 17. Bxa7 Bc5 18. Bxc5 Nxc5 19. Rhd1 f6 20. Rxd8+ Kxd8 21. Rd1+ Ke7 22. Bb3 Bxb3 23. axb3 Ra8 24. b4 Ne6 25. c3 Ra2 26. Rb1 c5 27. bxc5 Nxc5 28. Kd2 Ra8 29. Kc2 b5 30. Nf2 b4 31. cxb4 Ne6 32. Kd2 Nd4 33. Ke3 Nc2+ 34. Ke2 Nd4+ 35. Ke3 Nc2+ 36. Kd3 Nxb4+ 37. Ke2 Nc2 38. Nd3 Rb8 39. Rc1 Nd4+ 40. Ke3 Kd6 41. f4 Rb3 42. fxe5+ fxe5 43. Ra1 Nc2+ 0-1


[Site "https://www.chess.com"]

[Event "Titled Tuesday Blitz July 18 Early 2023"]
[White "Shapiro, Daniel"]
[Black "Borgaonkar Akshay"]
[WhiteFideId "2001780"]
[BlackFideId "25639110"]
[WhiteElo "2306"]
[BlackElo "2610"]
[Result "0-1"]
[Round "1"]
[TimeControl "180+2"]
[Date "2023.07.18"]
[WhiteClock "0:00:03"]
[BlackClock "0:00:11"]
[Board "143"]

1. d4 g6 2. e4 Bg7 3. Nc3 d6 4. h3 a6 5. a4 Nc6 6. Nge2 e5 7. Be3 f5 8. g3 Nf6 9. Bg2 O-O 10. exf5 Bxf5 11. O-O h5 12. Kh2 e4 13. Qd2 d5 14. Bh6 Qd6 15. Bxg7 Kxg7 16. Rad1 h4 17. Qf4 Qxf4 18. Nxf4 Rad8 19. g4 Bc8 20. f3 e3 21. Rfe1 Nxg4+ 22. fxg4 Rxf4 23. Nxd5 Rf2 24. Nxe3 Nxd4 25. Kg1 Re2 26. Rxd4 Rxe1+ 27. Kf2 Rxd4 28. Kxe1 Rxa4 29. Kd2 c6 30. b3 Rf4 31. Ke2 g5 32. Nc4 Be6 33. Nd6 b5 34. Bxc6 Kf8 35. Bf3 Rd4 36. Ne4 Rd5 37. b4 Re5 38. Kd3 Ke7 39. Kd4 Rd5+ 40. Ke3 Bf7 41. Nc5 Re5+ 42. Kd4 Re1 43. Nxa6 Rf1 44. Be2 Rh1 45. Bxb5 Rxh3 46. Bc6 Rg3 47. b5 Rxg4+ 48. Ke5 Bc4 49. Nc7 Bxb5 50. Nxb5 Rc4 51. Be4 h3 52. Nd4 g4 53. Nf5+ Kf8 54. Ng3 h2 55. Kf4 Kg7 56. Kxg4 Rxe4+ 57. Kh3 Re2 58. Nh1 Rxc2 59. Kg3 Kf6 60. Kh3 Kg5 61. Kg3 Kf5 62. Kf3 Rc1 63. Kg2 Kg4 64. Kxh2 Rc2+ 65. Kg1 Kf3 66. Nf2 Rxf2 0-1


[Site "https://www.chess.com"]

[Event "Titled Tuesday Blitz July 18 Early 2023"]
[White "Golubev, Mikhail"]
[Black "Da Matta, Eduardo Cesar"]
[WhiteFideId "14100983"]
[BlackFideId "2193108"]
[WhiteElo "2609"]
[BlackElo "2304"]
[Result "0-1"]
[Round "1"]
[TimeControl "180+2"]
[Date "2023.07.18"]
[WhiteClock "0:00:00"]
[BlackClock "0:00:03"]
[Board "144"]

1. e4 c5 2. Nf3 d6 3. d4 cxd4 4. Nxd4 Nf6 5. Nc3 Nc6 6. Bc4 Qb6 7. Ndb5 a6 8. Be3 Qa5 9. Nd4 e6 10. O-O Be7 11. Bb3 O-O 12. f4 Bd7 13. Qf3 Nxd4 14. Bxd4 Bc6 15. f5 e5 16. Be3 b5 17. a3 b4 18. axb4 Qxb4 19. Bg5 Rfe8 20. Bxf6 Bxf6 21. Bd5 Bxd5 22. Nxd5 Qxb2 23. Nc7 Qb6+ 24. Kh1 Qxc7 25. g4 h6 26. Rf2 a5 27. Rg2 a4 28. g5 Bxg5 29. h4 Bxh4 30. f6 g6 31. Rag1 Bg5 32. Rxg5 hxg5 33. Rxg5 Qxc2 34. Qg4 Qc1+ 35. Kg2 Qxg5 36. Qxg5 Re6 37. Qh4 a3 38. Kg3 a2 39. Qh8+ Kxh8 0-1


[Site "https://www.chess.com"]